 Dungeon Crawl Stone Soup version 0.22-a0-571-g4a923d4 (webtiles) character file.

130315 Gildeon the Executioner (level 16, -5/134 HPs)
             Began as a Minotaur Fighter on June 30, 2018.
             Was the Champion of Qazlal.
             Hit by a large rock thrown by a cyclops (17 damage)
             ... on level 2 of the Shoals on July 1, 2018.
             The game lasted 02:26:13 (21705 turns).

Gildeon the Executioner (Minotaur Fighter)         Turns: 21705, Time: 02:26:14

Health: -5/134     AC: 30    Str: 31    XL:     16   Next: 52%
Magic:  22/22      EV: 14    Int:  5    God:    Qazlal [******]
Gold:   479        SH:  8    Dex: 13    Spells: 1/25 levels left

rFire    . . .     SeeInvis .   a - +2 battleaxe (freeze)
rCold    + . .     Gourm    .   (shield currently unavailable)
rNeg     . . .     Faith    .   o - +6 chain mail {rC+}
rPois    .         Spirit   .   (helmet restricted)
rElec    .         Reflect  .   s - +0 cloak
rCorr    .         Harm     .   h - +0 pair of gloves
MR       +....                  Q - +2 pair of boots {run}
Stlth    ..........             y - amulet of regeneration
HPRegen  0.72/turn              A - +6 ring of strength
MPRegen  0.18/turn              j - +3 ring of protection

@: protected from physical damage, slowed, repel missiles, very slow
A: retaliatory headbutt, horns 2
a: Upheaval, Elemental Force, Disaster Area, Renounce Religion


You were on level 2 of the Shoals.
You worshipped Qazlal.
Qazlal was exalted by your worship.
You were not hungry.

You visited 5 branches of the dungeon, and saw 26 of its levels.
You also visited: Sewer and Ice Cave.

You collected 2722 gold pieces.
You spent 2243 gold pieces at shops.

Inventory:

Hand Weapons
 a - a +2 battleaxe of freezing (weapon)
 b - a +0 glaive of flaming
Armour
 h - a +0 pair of gloves (worn)
 o - a +6 chain mail of cold resistance (worn)
 s - a +0 cloak (worn)
 Q - a +2 pair of boots of running (worn)
Jewellery
 d - an uncursed ring of poison resistance
 j - a +3 ring of protection (right hand)
 y - an amulet of regeneration (around neck)
 A - a +6 ring of strength (left hand)
 K - an uncursed ring of flight
 L - an uncursed ring of protection from cold
Wands
 g - a wand of paralysis (47)
 i - a wand of acid (31)
 u - a wand of disintegration (21)
 O - a wand of digging (10)
 P - a wand of clouds (3)
Scrolls
 m - 6 scrolls of teleportation
 q - 8 scrolls of fog
 t - 6 scrolls of remove curse
 v - a scroll of silence
 w - 2 scrolls of blinking
 x - 2 scrolls of fear
 F - 7 scrolls of identify
Potions
 e - 10 potions of curing
 l - 4 potions of magic
 r - a potion of haste
 z - 2 potions of flight
 C - a potion of agility
 D - 4 potions of might
 G - a potion of ambrosia
 H - 2 potions of resistance
 M - 3 potions of lignification
 N - a potion of invisibility
Comestibles
 f - 45 rations


   Skills:
 - Level 10.0 Fighting
 * Level 22.9 Axes
 - Level 10.0 Armour
 - Level 10.0 Dodging
   Level 3.6 Shields
 - Level 5.0 Spellcasting
 - Level 5.0 Conjurations
 + Level 4.1 Hexes
 - Level 1.0 Summonings
 - Level 1.0 Translocations
 - Level 1.0 Fire Magic
 - Level 10.0 Invocations
 - Level 5.1 Evocations


You had one spell level left.
You knew the following spells:

 Your Spells              Type           Power        Failure   Level  Hunger
a - Apportation           Tloc           #.....       61%         1    ##.....
b - Confusing Touch       Hex            #.....       22%         1    ##.....
c - Corona                Hex            #......      22%         1    ##.....
d - Flame Tongue          Conj/Fire      #....        34%         1    ##.....
e - Magic Dart            Conj           #...         16%         1    ##.....
f - Summon Butterflies    Summ           #.......     61%         1    ##.....
g - Blink                 Tloc           N/A          75%         2    ###....
h - Call Imp              Summ           #.......     75%         2    ###....
i - Ensorcelled Hibernat  Hex/Ice        #.....       61%         2    ###....
j - Passwall              Tmut/Erth      #.......     87%         2    ###....
k - Poisonous Vapours     Pois/Air       #.....       87%         2    ###....
l - Searing Ray           Conj           #.....       22%         2    ###....
m - Slow                  Hex            #.......     32%         2    ###....
n - Swiftness             Chrm/Air       #.......     87%         2    ###....
o - Throw Flame           Conj/Fire      #.....       45%         2    ###....

Your spell library contained the following spells:

 Spells                   Type           Power        Failure   Level  Hunger
 Fireball                 Conj/Fire      #.........   100%        5    ######.
 Conjure Flame            Conj/Fire      #.......     71%         3    ####...
 Bolt of Cold             Conj/Ice       #.........   100%        6    #######
 Lightning Bolt           Conj/Air       #.........   100%        5    ######.
 Confuse                  Hex            #.......     54%         3    ####...
 Invisibility             Hex            #.......     100%        6    #######
 Freezing Cloud           Conj/Ice/Air   #.........   100%        6    #######
 Mephitic Cloud           Conj/Pois/Air  #.......     87%         3    ####...
 Summon Small Mammal      Summ           #...         61%         1    ##.....
 Iskenderun's Mystic Bla  Conj           #.......     83%         4    #####..
 Animate Skeleton         Necr           N/A          75%         1    ##.....
 Ozocubu's Refrigeration  Ice            #.........   100%        6    #######
 Sticky Flame             Conj/Fire      #.......     98%         4    #####..
 Summon Ice Beast         Ice/Summ       #.......     100%        4    #####..
 Tukima's Dance           Hex            #.......     54%         3    ####...
 Stone Arrow              Conj/Erth      #.....       77%         3    ####...
 Ice Form                 Ice/Tmut       #.......     100%        4    #####..
 Call Canine Familiar     Summ           #.......     93%         3    ####...
 Metabolic Englaciation   Hex/Ice        #.........   100%        5    ######.
 Silence                  Hex/Air        #.........   100%        5    ######.
 Alistair's Intoxication  Tmut/Pois      #.......     100%        5    ######.
 Lee's Rapid Deconstruct  Erth           #.........   100%        5    ######.
 Sandblast                Erth           #.....       75%         1    ##.....
 Simulacrum               Ice/Necr       #.........   100%        6    #######
 Portal Projectile        Hex/Tloc       #.....       77%         3    ####...
 Petrify                  Tmut/Erth      #.......     100%        4    #####..
 Passage of Golubria      Tloc           N/A          100%        4    #####..
 Summon Hydra             Summ           #.........   100%        7    #######
 Darkness                 Hex            #.........   100%        6    #######
 Inner Flame              Hex/Fire       #.......     77%         3    ####...
 Fulminant Prism          Conj/Hex       #.........   88%         4    #####..
 Dazzling Spray           Conj/Hex       #.....       50%         3    ####...
 Force Lance              Conj/Tloc      #.......     98%         4    #####..
 Summon Lightning Spire   Summ/Air       #.......     100%        4    #####..
 Summon Guardian Golem    Hex/Summ       #.......     77%         3    ####...
 Summon Mana Viper        Hex/Summ       #.......     100%        5    ######.
 Gell's Gravitas          Tloc           #.........   93%         3    ####...
 Yara's Violent Unravell  Hex/Tmut       #.........   100%        5    ######.
 Lesser Beckoning         Tloc           #.........   93%         3    ####...


Dungeon Overview and Level Annotations

Branches:
Dungeon (15/15)            Temple (1/1) D:6            Lair (6/6) D:10
 Shoals (2/4) Lair:4        Snake (0/4) Lair:4        Slime (0/5) Lair:5
    Orc (2/2) D:12            Elf (0/3) Orc:2        Vaults (0/5) D:13
 Depths (0/5) D:15

Altars:
Ashenzari
Cheibriados
Dithmenos
Elyvilon
Fedhas
Gozag
Hepliaklqana
Kikubaaqudgha
Makhleb
Nemelex Xobeh
Okawaru
Qazlal
Ru
Sif Muna
Trog
Uskayaw
Vehumet
Wu Jian
Xom
Yredelemnul
Zin
The Shining One
Beogh

Shops:
D:5 ?   D:10 =   D:12 :   D:13 :   D:14 %   D:15 :   Orc:2 ([(?=
Shoals:1 %%=:[

Annotations:
D:13 1 runed door
Lair:4 exclusion: 4 oklob plants


Innate Abilities, Weirdness & Mutations

You reflexively headbutt those who attack you in melee.
You have a pair of horns on your head.


Message History

The merfolk is engulfed in freezing vapours.
You block the merfolk's attack.
The merfolk hits you from afar with a trident!
* * * LOW HITPOINT WARNING * * *
Wield which item (- for none, * to show all)? (? for menu, Esc to quit)
Your +0 glaive of flaming stops flaming.
Your +2 battleaxe of freezing glows with a cold blue light!
a - a +2 battleaxe of freezing (weapon)
The merfolk is engulfed in freezing vapours.
The merfolk barely misses you.
The merfolk is engulfed in freezing vapours.
You kill the merfolk!
Qazlal accepts your kill.
You hear a splash.
Splash!
You fall into the shallow water.
Moving in this stuff is going to be slow.
The merfolk barely misses you.
The cyclops throws a large rock.
The large rock hits you!
You die...

≈≈≈≈≈≈.<........≈≈≈≈≈≈
≈≈≈≈≈≈≈....)†..≈≈≈≈≈≈≈≈≈
≈≈....≈≈≈≈.)..≈≈≈≈≈≈≈≈≈≈
......≈≈≈≈†.).≈≈≈≈≈≈≈≈≈≈
##....≈≈≈≈≈≈..≈≈≈≈≈C≈≈≈≈
....≈..#..)(†.≈≈≈≈≈≈≈≈..
.......##.((§..§≈≈≈≈≈≈..
.............§§)≈≈≈≈≈≈≈≈
.....=###.@§m)≈≈≈≈..
...... #..§≈)≈≈≈≈..
≈≈≈... ##§§§≈≈≈≈...
..... #..≈.≈≈≈... ##...
....≈≈≈≈... #..
..≈≈≈≈≈≈≈≈..
...≈≈≈≈≈≈≈≈≈>
...≈≈≈≈≈≈≈≈≈≈≈
.≈≈≈≈≈≈≈≈≈≈≈≈≈


You could see a merfolk and a cyclops.

Vanquished Creatures
  Kirke (Lair:6)
  A frost giant (IceCv)
  2 orc warlords
  An ettin (D:11)
  Snorg (Orc:2)
  8 hydras
  2 ice dragons (D:15)
  4 vault guards (D:13)
  The ghost of ThisFiasco the Cleaver, a journeyman DsBe of Trog (D:10)
  2 centaur warriors
  11 two-headed ogres
  6 catoblepae
  An ogre mage (D:13)
  A merfolk aquamancer (Shoals:1)
  A death knight (D:15)
  A merfolk avatar (Shoals:1)
  Erica (D:8)
  A tengu warrior (Shoals:2)
  2 orc high priests (Orc:2)
  11 death yaks
  Sonja (D:15)
  3 unseen horrors
  4 sea snakes (Shoals:2)
  5 harpies (Shoals:1)
  3 phantasmal warriors
  7 orc knights
  2 orc sorcerers
  4 ugly things
  5 fauns
  4 deep elf magi
  7 cyclopes
  9 manticores
  9 elephants
  2 merfolk sirens (Shoals:2)
  4 black mambas
  2 gargoyles
  A water nymph (Shoals:2)
  2 torpor snails
  10 spiny frogs
  5 rime drakes
  2 yaktaurs (D:13)
  3 kobold demonologists (D:15)
  10 komodo dragons
  3 tengu conjurers
  A queen bee (shapeshifter) (D:11)
  7 meliai
  16 polar bears
  A queen bee (Lair:4)
  3 wind drakes
  8 trolls
  7 merfolk
  2 hornets
  3 slime creatures (D:12)
  11 blink frogs
  Grinder (D:6)
  7 dream sheep (Lair:4)
  A snapping turtle (shapeshifter) (D:14)
  2 snapping turtles
  7 hippogriffs
  Sigmund (D:5)
  4 shadows
  4 wyverns
  A spriggan (shapeshifter) (D:13)
  7 water elementals
  Eustachio (D:4)
  10 basilisks
  73 yaks
  3 hogs (Lair:6)
  A wraith (D:15)
  2 steam dragons
  Menkaure (D:5)
  5 hungry ghosts
  3 wargs
  2 hell hounds (D:10)
  2 soldier ants
  A naga (Lair:4)
  9 water moccasins
  6 porcupines
  4 ice beasts
  40 orc warriors
  A hornet zombie (D:15)
  3 phantoms
  4 black bears
  3 eyes of draining
  3 sky beasts
  12 wolves
  A necrophage (D:14)
  9 crocodiles
  20 ogres
  15 centaurs
  5 big kobolds
  20 bullfrogs
  A gnoll sergeant (D:11)
  A wyvern zombie (D:4)
  2 scorpions
  43 killer bees
  3 howler monkeys
  4 electric eels
  6 crimson imps
  2 quasits (D:11)
  3 centaur zombies
  2 bullfrog skeletons
  2 bullfrog zombies
  3 centaur skeletons
  6 hounds
  9 jellies
  A gnoll shaman (D:9)
  24 orc priests
  38 orc wizards
  2 iguanas
  Natasha (twice) (D:2)
  A hell rat (Lair:4)
  9 worker ants
  A hound zombie (D:6)
  A worker ant zombie (D:11)
  Robin (D:4)
  2 river rats (Sewer)
  8 adders
  13 gnolls
  A howler monkey skeleton (D:4)
  3 shadow imps
  8 oozes
  An adder zombie (D:6)
  An adder skeleton (D:4)
  2 worms (D:4)
  11 dart slugs
  6 leopard geckos
  111 orcs
  7 bats
  5 giant cockroaches
  14 goblins
  6 hobgoblins
  24 jackals
  29 kobolds
  5 quokkas
  4 ball pythons
  12 frilled lizards
  2 leopard gecko skeletons
  A quokka skeleton (D:4)
  10 rats
  2 butterflies (Lair:5)
  5 fungi
  2 plants (Lair:6)
981 creatures vanquished.

Vanquished Creatures (others)
  A polar bear (IceCv)
  5 yaks (IceCv)
  2 wolves (IceCv)
  A worker ant (D:14)
  A kobold (D:15)
  12 fungi
  20 plants
42 creatures vanquished.

Grand Total: 1023 creatures vanquished

Notes
Turn   | Place    | Note
-------+----------+-------------------------------------------
     0 | D:1      | Gildeon the Minotaur Fighter began the quest for the Orb.
     0 | D:1      | Reached XP level 1. HP: 19/19 MP: 0/0
   152 | D:1      | Reached XP level 2. HP: 26/27 MP: 1/1
   211 | D:1      | Reached skill level 3 in Axes
   265 | D:1      | Reached skill level 1 in Dodging
   487 | D:1      | Reached XP level 3. HP: 33/33 MP: 2/2
   709 | D:2      | Found a sparkling altar of Nemelex Xobeh.
  1006 | D:2      | Noticed Natasha
  1014 | D:2      | Killed Natasha
  1014 | D:2      | Reached XP level 4. HP: 40/40 MP: 3/3
  1188 | D:2      | Noticed Natasha
  1195 | D:2      | Killed Natasha
  1195 | D:2      | Reached skill level 4 in Axes
  1240 | D:2      | Reached XP level 5. HP: 45/47 MP: 4/4
  1783 | D:3      | Found an ancient bone altar of Kikubaaqudgha.
  2065 | D:4      | Reached skill level 5 in Axes
  2129 | D:4      | Reached XP level 6. HP: 28/55 MP: 5/5
  2178 | D:4      | Noticed Robin
  2180 | D:4      | Reached skill level 5 in Armour
  2182 | D:4      | Found a glowing drain.
  2186 | D:4      | Killed Robin
  2207 | D:4      | Reached skill level 5 in Fighting
  2241 | Sewer    | Entered a sewer
  2788 | D:4      | Reached skill level 6 in Axes
  2850 | D:4      | Noticed Eustachio
  2863 | D:4      | Killed Eustachio
  2863 | D:4      | Reached skill level 1 in Evocations
  2863 | D:4      | Reached XP level 7. HP: 55/61 MP: 5/7
  2933 | D:4      | Reached skill level 7 in Axes
  3088 | D:4      | Learned a level 1 spell: Confusing Touch
  3090 | D:4      | Learned a level 1 spell: Magic Dart
  3093 | D:4      | Learned a level 2 spell: Blink
  3096 | D:4      | Learned a level 2 spell: Call Imp
  3460 | D:5      | Entered Level 5 of the Dungeon
  3497 | D:5      | Reached XP level 8. HP: 47/68 MP: 8/8
  3497 | D:5      | Reached skill level 8 in Axes
  3628 | D:5      | Noticed Sigmund
  3638 | D:5      | Killed Sigmund
  3638 | D:5      | Reached skill level 5 in Dodging
  3662 | D:5      | Learned a level 1 spell: Flame Tongue
  3900 | D:5      | Noticed Menkaure
  3905 | D:5      | Killed Menkaure
  3999 | D:5      | Found Fontyuh's Magic Scroll Boutique.
  4022 | D:5      | Bought a scroll of identify for 28 gold pieces
  4022 | D:5      | Bought a scroll of identify for 28 gold pieces
  4022 | D:5      | Bought a scroll of identify for 28 gold pieces
  4152 | D:5      | Found a deep blue altar of Sif Muna.
  4433 | D:6      | Reached skill level 9 in Axes
  4469 | D:6      | Reached skill level 1 in Spellcasting
  4524 | D:6      | Learned a level 2 spell: Slow
  4540 | D:6      | Found a staircase to the Ecumenical Temple.
  4552 | Temple   | Entered the Ecumenical Temple
  4645 | Temple   | Became a worshipper of Qazlal Stormbringer
  4726 | D:6      | Found an iron altar of Okawaru.
  4737 | D:6      | Noticed Grinder
  4748 | D:6      | Killed Grinder
  4759 | D:6      | Reached XP level 9. HP: 71/74 MP: 11/11
  4766 | D:6      | Reached skill level 10 in Axes
  4849 | D:6      | Noticed a two-headed ogre
  4857 | D:6      | Killed a two-headed ogre
  4857 | D:6      | Reached skill level 11 in Axes
  4857 | D:6      | Reached skill level 5 in Evocations
  4867 | D:6      | Paralysed by a hornet for 3 turns
  4872 | D:6      | Reached skill level 1 in Invocations
  4876 | D:6      | Learned a level 2 spell: Throw Flame
  5217 | D:7      | Reached * piety under Qazlal
  5356 | D:7      | Noticed a troll
  5373 | D:7      | Killed a troll
  5373 | D:7      | Reached skill level 12 in Axes
  5587 | D:7      | Reached XP level 10. HP: 71/81 MP: 11/13
  5710 | D:7      | Reached ** piety under Qazlal
  6131 | D:8      | Noticed a two-headed ogre
  6143 | D:8      | Killed a two-headed ogre
  6217 | D:8      | Reached skill level 13 in Axes
  6227 | D:8      | Noticed a two-headed ogre
  6239 | D:8      | Killed a two-headed ogre
  6274 | D:8      | Found a radiant altar of Vehumet.
  6277 | D:8      | Noticed Erica
  6298 | D:8      | Killed Erica
  6298 | D:8      | Reached skill level 5 in Invocations
  6333 | D:8      | Found a sparkling altar of Nemelex Xobeh.
  6678 | D:9      | Reached *** piety under Qazlal
  6681 | D:9      | Reached skill level 14 in Axes
  6723 | D:9      | Reached XP level 11. HP: 87/88 MP: 16/16
  6789 | D:9      | Noticed a two-headed ogre
  6798 | D:9      | Killed a two-headed ogre
  6956 | D:9      | Paralysed by a hornet for 1 turns
  7062 | D:9      | Found an ancient bone altar of Kikubaaqudgha.
  7081 | D:9      | Got a silken robe
  7092 | D:9      | Identified the +1 robe of Polytheism {rElec rPois Int-3} (You found it on level 9 of the Dungeon)
  7290 | D:9      | Noticed a two-headed ogre
  7296 | D:9      | Killed a two-headed ogre
  7496 | D:10     | Entered Level 10 of the Dungeon
  7496 | D:10     | Found a staircase to the Lair.
  7560 | D:10     | Reached **** piety under Qazlal
  7576 | D:10     | Found Nuetoul's Jewellery Emporium.
  7674 | D:10     | Noticed a two-headed ogre
  7680 | D:10     | Killed a two-headed ogre
  7680 | D:10     | Reached skill level 15 in Axes
  7724 | D:10     | Found a runed door.
  7724 | D:10     | Noticed ThisFiasco's ghost (journeyman DsBe)
  7882 | D:10     | Reached skill level 5 in Spellcasting
  7889 | D:10     | Killed an unseen horror
  8268 | D:10     | Noticed a two-headed ogre
  8277 | D:10     | Killed a two-headed ogre
  8477 | Lair:1   | Entered Level 1 of the Lair of Beasts
  8492 | Lair:1   | Learned a level 2 spell: Searing Ray
  8627 | Lair:1   | Found a frozen archway.
  8633 | IceCv    | Entered an ice cave
  8846 | IceCv    | Reached XP level 12. HP: 87/101 MP: 18/18
  8872 | IceCv    | Reached skill level 16 in Axes
  8973 | IceCv    | Noticed a death yak
  8985 | IceCv    | Killed a death yak
  8985 | IceCv    | Reached ***** piety under Qazlal
  9236 | IceCv    | Noticed a frost giant
  9250 | IceCv    | Killed a frost giant
  9376 | Lair:1   | Reached skill level 17 in Axes
  9714 | Lair:2   | Noticed an eight-headed hydra
  9789 | Lair:2   | Reached skill level 10 in Fighting
  9986 | Lair:2   | Killed a six-headed hydra
 10010 | Lair:2   | Noticed a catoblepas
 10011 | Lair:2   | Got a transparent glaive
 10016 | Lair:2   | Killed a catoblepas
 10016 | Lair:2   | Reached XP level 13. HP: 79/113 MP: 19/19
 10186 | Lair:2   | Learned a level 1 spell: Summon Butterflies
 11204 | Lair:4   | Reached skill level 18 in Axes
 11325 | Lair:4   | Reached skill level 10 in Armour
 11370 | Lair:4   | Reached ****** piety under Qazlal
 11370 | Lair:4   | Reached skill level 1 in Conjurations
 11513 | Lair:4   | Reached skill level 1 in Summonings
 11680 | Lair:4   | Reached skill level 1 in Translocations
 11689 | Lair:4   | Upgraded the game from 0.22-a0-570-g58866f5 to 0.22-a0-571-g4a923d4
 11732 | Lair:4   | Found a staircase to the Shoals.
 11928 | Lair:4   | Reached skill level 1 in Fire Magic
 11931 | Lair:4   | Reached skill level 19 in Axes
 12007 | Lair:4   | Learned a level 1 spell: Corona
 12010 | Lair:4   | Learned a level 2 spell: Ensorcelled Hibernation
 12237 | Lair:4   | Found a staircase to the Snake Pit.
 12655 | Lair:5   | Reached XP level 14. HP: 112/121 MP: 20/20
 12661 | Lair:5   | Reached skill level 1 in Hexes
 13040 | Lair:5   | Found a staircase to the Slime Pits.
 13406 | Lair:6   | Entered Level 6 of the Lair of Beasts
 13517 | Lair:6   | Noticed Kirke
 13556 | Lair:6   | Killed Kirke
 14101 | Lair:6   | Reached skill level 20 in Axes
 14296 | Lair:6   | Reached skill level 10 in Dodging
 14311 | Lair:6   | Got a pair of slimy boots
 14889 | D:10     | Identified the cursed +1 glaive of Hepliaklqana's Envy {chop, Str+2} (You found it on level 2 of the Lair of Beasts)
 14905 | D:10     | Identified a +2 pair of boots of running (You found it on level 6 of the Lair of Beasts)
 14921 | D:10     | Identified the +0 pair of boots of Cheibriados's Envy {rElec} (You found it on level 6 of the Lair of Beasts)
 14995 | D:10     | Killed ThisFiasco's ghost
 14997 | D:10     | Identified the Papyrus of Entrancing Weightlessness
 15002 | D:10     | Learned a level 2 spell: Passwall
 15005 | D:10     | Learned a level 2 spell: Poisonous Vapours
 15008 | D:10     | Learned a level 2 spell: Swiftness
 15685 | D:11     | Reached XP level 15. HP: 111/126 MP: 21/21
 16135 | D:12     | Found Asaykuan's Book Shoppe.
 16142 | D:12     | Reached skill level 21 in Axes
 16147 | D:12     | Bought a book of Callings for 420 gold pieces
 16147 | D:12     | Bought a book of Geomancy for 490 gold pieces
 16147 | D:12     | Bought a book of Cantrips for 280 gold pieces
 16149 | D:12     | Learned a level 1 spell: Apportation
 16252 | D:12     | Found a staircase to the Orcish Mines.
 16428 | Orc:1    | Entered Level 1 of the Orcish Mines
 16684 | Orc:1    | Found a roughly hewn altar of Beogh.
 16845 | Orc:1    | Noticed an orc warlord
 16853 | Orc:1    | Killed an orc warlord
 16956 | Orc:2    | Entered Level 2 of the Orcish Mines
 16978 | Orc:2    | Noticed Snorg
 16988 | Orc:2    | Killed Snorg
 17104 | Orc:2    | Found a roughly hewn altar of Beogh.
 17143 | Orc:2    | Found Deiwy's Jewellery Emporium.
 17437 | Orc:2    | Noticed an orc warlord
 17448 | Orc:2    | Found Irumpeov's Antique Armour Emporium.
 17449 | Orc:2    | Found a roughly hewn altar of Beogh.
 17456 | Orc:2    | Found Dupsankupt's Antique Weapon Shoppe.
 17458 | Orc:2    | Killed an orc warlord
 17518 | Orc:2    | Found a roughly hewn altar of Beogh.
 17568 | Orc:2    | Found a roughly hewn altar of Beogh.
 17651 | Orc:2    | Found a roughly hewn altar of Beogh.
 17656 | Orc:2    | Found Kiafoh's Magic Scroll Shop.
 17687 | Orc:2    | Bought a scroll of identify for 26 gold pieces
 17687 | Orc:2    | Bought a scroll of enchant armour for 97 gold pieces
 17687 | Orc:2    | Bought a scroll of enchant armour for 97 gold pieces
 17687 | Orc:2    | Bought a scroll of enchant armour for 97 gold pieces
 17687 | Orc:2    | Bought a scroll of identify for 26 gold pieces
 17687 | Orc:2    | Bought a scroll of identify for 26 gold pieces
 17713 | Orc:2    | Found a roughly hewn altar of Beogh.
 17723 | Orc:2    | Found a staircase to the Elven Halls.
 17834 | Orc:2    | Found a roughly hewn altar of Beogh.
 17914 | Orc:2    | Found a roughly hewn altar of Beogh.
 17932 | Orc:2    | Found Ugargh's Weapon Shop.
 18245 | D:13     | Found a runed door.
 18245 | D:13     | Noticed a frost giant
 18254 | D:13     | Noticed a sphinx
 18406 | D:13     | Reached skill level 5 in Conjurations
 18585 | D:13     | Found Guguxzof's Book Shop.
 18927 | D:13     | Found a gate to the Vaults.
 19134 | D:14     | Reached skill level 22 in Axes
 19295 | D:14     | Found a shadowy altar of Dithmenos.
 19411 | D:14     | Found Wyss's Food Emporium.
 19741 | D:15     | Entered Level 15 of the Dungeon
 19744 | D:15     | Noticed Sonja
 19748 | D:15     | Killed Sonja
 19789 | D:15     | Reached XP level 16. HP: 131/134 MP: 22/22
 20510 | D:15     | Found a staircase to the Depths.
 20621 | D:15     | Found Kiqog's Book Emporium.
 20625 | D:15     | Bought a book of Party Tricks for 600 gold pieces
 20896 | Shoals:1 | Entered Level 1 of the Shoals
 20896 | Shoals:1 | Found Juppeuki's Food Shoppe.
 20929 | Shoals:1 | Found Ciggaome's Food Emporium.
 21161 | Shoals:1 | Found Bumoy's Armour Emporium.
 21172 | Shoals:1 | Found Ymeokum's Jewellery Shoppe.
 21336 | Shoals:1 | Found Lagg's Book Boutique.
 21672 | Shoals:2 | Reached skill level 10 in Invocations
 21705 | Shoals:2 | Hit by a large rock thrown by a cyclops

Vault maps used:
D:1:      ebering_hopf_link, corexii_leaking_fountain
D:2:      nemelex_spade_bored_becter, uniq_natasha
D:3:      kiku_gazebo_garden_becter, first_ration
D:4:      kennysheep_slugbush, cheibrodos_sewer_entry_bend,
          minmay_close_crescents, uniq_eustachio, uniq_robin
D:5:      serial_shops, shop, led_sif_book, uniq_menkaure, uniq_sigmund
D:6:      minmay_cornered_nines, okawaru_metal_pillars_1_2,
          minmay_temple_entry_butterflies, minmay_unpleasant_kobolds,
          uniq_grinder
D:8:      grunt_temple_overflow_open, fungi_pond_lemuel, uniq_erica
D:9:      basic_altar, hangedman_little_slice_of_home
D:10:     minmay_lair_entry_lava, gammafunk_ghost_grave, serial_shops, shop,
          glass_columns_a
D:11:     minmay_glassy_protrusions
D:12:     orc_0_dummy, serial_shops, shop
D:13:     grunt_vaults_entry_fortified, serial_shops,
          nicolae_shop_competitors_out_of_business, kennysheep_treasure_room
D:14:     nicolae_dithmenos_shadow_blocks, serial_shops, nicolae_shop_crystal,
          minmay_misc_feat_alley
D:15:     grunt_enter_depths_hoard, serial_shops, nicolae_shop_stone,
          serial_bayou_shore_a, uniq_sonja
Temple:   compressed_dpeg_circular_temple
Lair:1:   portal_ice_cave_entry_pillars_2, beast_lair_carwin_3
Lair:3:   grunt_megastairs_4, infiniplex_staircase_pool
Lair:4:   hangedman_what_comes_after_a, elwin_shoals_entry_rocks,
          guppyfry_snake_entry_island, small_statue_intersection, zaba_anthole,
          lemuel_fruit_tree
Lair:5:   slime_dummy, infiniplex_staircase_pool_2, lemuel_fruit_fields
Lair:6:   evilmike_catoblepas_cave, kennysheep_basilisk_garden, uniq_kirke
Shoals:1: serial_shops, nicolae_shop_statue_plus, nicolae_shop_trees, shop,
          nicolae_shop_statue_plus, nicolae_shop_statue_plus, overgrown_statue
Shoals:2: kb_tengu_band
Orc:1:    mines2_david
Orc:2:    grunt_orc_community_town_hall, grunt_orc_community_big_house_2,
          grunt_orc_community_big_house_1, grunt_orc_community_house_1,
          grunt_orc_community_house_1, grunt_orc_community_house_1,
          grunt_orc_community_house_2, grunt_orc_community_house_2,
          serial_shops, nicolae_shop_competitors_out_of_business,
          nicolae_orc_lava_tube, lemuel_statue_altar, uniq_snorg
Sewer:    sewer_co_cracked_pipes
IceCv:    ice_cave_caverns_03

Skill      XL: |  1  2  3  4  5  6  7  8  9 10 11 12 13 14 15 16 |
---------------+-------------------------------------------------+-----
Axes           | 3 4 5 6 7 9 12 14 15 17 19 20 22 | 22.9
Dodging        | 1 2 3 4 5 8 10 | 10.0
Fighting       | 4 5 8 10 | 10.0
Armour         | 4 5 6 9 10 | 10.0
Evocations     | 1 2 4 5 |  5.1
Spellcasting   | 1 2 4 5 |  5.0
Invocations    | 2 5 6 9 10 | 10.0
Conjurations   | 1 3 5 |  5.0
Summonings     | 1 |  1.0
Translocations | 1 |  1.0
Fire Magic     | 1 |  1.0
Hexes          | 1 2 4 |  4.1
Shields        | |  3.6

Action                   |  1- 3 |  4- 6 |  7- 9 | 10-12 | 13-15 | 16-18 || total
-------------------------+-------+-------+-------+-------+-------+-------++-------
Melee: War axe           |    60 |   170 |   243 |   149 |       |       ||   622
       Headbutt          |     7 |    32 |    36 |   122 |   216 |    50 ||   463
       Battleaxe         |       |       |       |   388 |   976 |   213 ||  1577
       Glaive            |       |       |       |    11 |    27 |    11 ||    49
       Unarmed           |       |       |       |       |    15 |       ||    15
Evoke: Wand              |       |       |     1 |    25 |   163 |     4 ||   193
  Use: Scroll            |     6 |     6 |     9 |    12 |    28 |     2 ||    63
       Potion            |       |       |    10 |     3 |     6 |     1 ||    20
 Stab: Paralysed         |       |       |       |     1 |     9 |       ||    10
       Confused          |       |       |       |       |     1 |       ||     1
  Eat: Chunk             |       |     3 |     6 |    20 |    14 |       ||    43
       Ration            |       |     1 |     1 |     2 |     5 |     1 ||    10
Armor: Scale mail        |    30 |       |       |       |       |       ||    30
       Chain mail        |     3 |    83 |   115 |   353 |   471 |   123 ||  1148
       Plate armour      |       |    70 |    33 |       |       |       ||   103
Dodge: Dodged            |    29 |    94 |   117 |   273 |   457 |   112 ||  1082
       Deflected         |       |       |       |       |    33 |    18 ||    51
Block: Other             |       |       |     3 |   114 |   340 |   102 ||   559

Table legend:
 A = Spawn XP
 B = Non-spawn XP
 C = Spawn XP percentage of total XP
 D = Spawn monster count
 E = Non-spawn monster count
 F = Spawn count percentage of total count
 G = Total turns spent on level
                    A         B        C        D         E        F      G
               +---------+---------+-------+---------+---------+-------+---------
         Total |       0 |  186165 |   0.0 |       0 |     972 |   0.0 | 21705
               +---------+---------+-------+---------+---------+-------+---------
           D:1 |       0 |      54 |   0.0 |       0 |      25 |   0.0 |   656
           D:2 |       0 |     142 |   0.0 |       0 |      16 |   0.0 |   755
           D:3 |       0 |      51 |   0.0 |       0 |      15 |   0.0 |   600
           D:4 |       0 |    1016 |   0.0 |       0 |      47 |   0.0 |   956
           D:5 |       0 |     704 |   0.0 |       0 |       7 |   0.0 |   966
           D:6 |       0 |    2577 |   0.0 |       0 |      35 |   0.0 |   666
           D:7 |       0 |    1480 |   0.0 |       0 |      41 |   0.0 |   925
           D:8 |       0 |    4348 |   0.0 |       0 |      29 |   0.0 |   507
           D:9 |       0 |    4248 |   0.0 |       0 |      51 |   0.0 |   864
          D:10 |       0 |    5384 |   0.0 |       0 |      22 |   0.0 |  1149
          D:11 |       0 |    9354 |   0.0 |       0 |      43 |   0.0 |   924
          D:12 |       0 |    7731 |   0.0 |       0 |      35 |   0.0 |   566
          D:13 |       0 |   16193 |   0.0 |       0 |      53 |   0.0 |   873
          D:14 |       0 |    4726 |   0.0 |       0 |      26 |   0.0 |   645
          D:15 |       0 |   18039 |   0.0 |       0 |      55 |   0.0 |   973
        Lair:1 |       0 |    3144 |   0.0 |       0 |      13 |   0.0 |   609
        Lair:2 |       0 |    5573 |   0.0 |       0 |      19 |   0.0 |   818
        Lair:3 |       0 |    3918 |   0.0 |       0 |      14 |   0.0 |   864
        Lair:4 |       0 |   17769 |   0.0 |       0 |      88 |   0.0 |  1375
        Lair:5 |       0 |    7324 |   0.0 |       0 |      24 |   0.0 |   859
        Lair:6 |       0 |   25034 |   0.0 |       0 |      58 |   0.0 |  1299
      Shoals:1 |       0 |    9654 |   0.0 |       0 |      21 |   0.0 |   730
      Shoals:2 |       0 |    9987 |   0.0 |       0 |      20 |   0.0 |    79
         Orc:1 |       0 |    6273 |   0.0 |       0 |      53 |   0.0 |   546
         Orc:2 |       0 |   10138 |   0.0 |       0 |     100 |   0.0 |  1220
         Sewer |       0 |      71 |   0.0 |       0 |      21 |   0.0 |   493
         IceCv |       0 |   11233 |   0.0 |       0 |      41 |   0.0 |   680
               +---------+---------+-------+---------+---------+-------+---------
